 Dungeon Crawl Stone Soup version 0.28.0-43-g3370ac3207 (webtiles) character file.

Game seed: 1051775491355307335

6191 demenzo the Quickloader (level 11, 0/68 HPs)
             Began as a Kobold Hunter on Mar 24, 2022.
             Was an Initiate of Gozag.
             Slain by an orc warrior
             ... wielding a +0 scimitar
              (5 damage)
             ... on level 10 of the Dungeon on Mar 25, 2022.
             The game lasted 00:49:27 (19007 turns).

demenzo the Quickloader (Kobold Hunter)            Turns: 19007, Time: 00:49:28

Health: 0/68       AC: 16    Str: 16    XL:     11   Next: 14%
Magic:  11/11      EV: 19    Int: 12    God:    Gozag
Gold:   1296       SH:  0    Dex: 19    Spells: 10/10 levels left

rFire   . . .      SeeInvis .   b - +0 short sword (drain)
rCold   + . .      Faith    .   (no shield)
rNeg    . . .      Spirit   .   f - +2 ring mail {rC+}
rPois   +          Reflect  .   x - +1 helmet
rElec   .          Harm     .   Q - +0 cloak
rCorr   .          Rampage  .   (no gloves)
Will    .....                   G - +0 pair of boots {Fly}
Stlth   ++++......              (no amulet)
HPRegen 0.21/turn               F - ring "Qolit" {Fly rPois Str+3 Dex+2}
MPRegen 0.12/turn               C - +4 ring of protection

@: flying
A: small, no large weapons, nightstalker 3
a: Renounce Religion, Potion Petition, Call Merchant, Bribe Branch


You were on level 10 of the Dungeon.
You worshipped Gozag.
Gozag was most pleased with you.
You visited 2 branches of the dungeon, and saw 11 of its levels.
You also visited: Bailey.

You collected 1715 gold pieces.
You spent 348 gold pieces at shops.
You paid 71 gold pieces to Gozag.

Inventory:

Hand Weapons
 a - a +2 hand crossbow
 b - a +0 short sword of draining (weapon)
 c - a +3 scimitar
 A - a +0 short sword
 E - a +1 shortbow of flaming
Missiles
 d - 124 bolts
 g - 40 sling bullets
 o - 23 poisoned darts (quivered)
 y - 20 boomerangs
 U - a throwing net
Armour
 f - a +2 ring mail of cold resistance (worn)
 s - a +2 robe of willpower
 u - the +5 scale mail of Riferab {rC- Str+8 Dex+5}
   (You found it on level 7 of the Dungeon)

   Str:       It affects your strength (+8).
   Dex:       It affects your dexterity (+5).
   rC:        It makes you vulnerable to cold.
 x - a +1 helmet (worn)
 G - a +0 pair of boots of flying (worn)
 H - a +0 plate armour
 Q - a +0 cloak (worn)
Jewellery
 k - a +6 ring of dexterity
 B - a ring of flight
 C - a +4 ring of protection (right hand)
 F - the ring "Qolit" (left hand) {Fly rPois Str+3 Dex+2}
   (You took it off a kobold in a bailey)

   [ring of flight]

   Str:       It affects your strength (+3).
   Dex:       It affects your dexterity (+2).
   rPois:     It protects you from poison.
   Fly:       It grants you flight.
 T - a +6 ring of intelligence
Wands
 r - a wand of charming (3)
 w - a wand of iceblast (9)
 N - a wand of acid (11)
 S - a wand of paralysis (9)
Scrolls
 e - 3 scrolls of enchant weapon
 m - 3 scrolls of fog {unknown}
 n - 3 scrolls of enchant armour {unknown}
 z - 3 scrolls of blinking {unknown}
 I - a scroll of magic mapping
 O - a scroll of noise {unknown}
 P - a scroll of fear
 R - 2 scrolls of identify
Potions
 h - 2 potions of brilliance
 i - a potion of heal wounds
 j - a potion of curing
 l - 2 potions of attraction
 p - a potion of lignification
 q - 5 potions of flight
 t - a potion of mutation
 v - a potion of cancellation
 D - a potion of magic {unknown}
 J - a potion of resistance
 K - 2 potions of haste
 L - 3 potions of invisibility
 M - a potion of degeneration


   Skills:
 + Level 8.2 Fighting
 * Level 13.0 Crossbows
 + Level 4.2 Armour
 + Level 9.0 Dodging
 - Level 7.0 Stealth


You had 10 spell levels left.
You didn't know any spells.
Your spell library contained the following spells:

 Spells                   Type           Power      Damage    Failure   Level
 Animate Skeleton         Necr           0%         N/A       52%         1
 Apportation              Tloc           0%         N/A       52%         1
 Summon Small Mammal      Summ           0%         N/A       52%         1
 Ozocubu's Armour         Ice            0%         N/A       87%         3
 Stone Arrow              Conj/Erth      0%         3d7       87%         3
 Animate Armour           Summ/Erth      0%         N/A       99%         4
 Ozocubu's Refrigeration  Ice            0%         4d5       100%        7
 Lehudib's Crystal Spear  Conj/Erth      0%         10d2      100%        8


Dungeon Overview and Level Annotations

Branches:
Dungeon (10/15)            Temple (1/1) D:5          Bailey (visited)
   Lair: D:8-11         Orc: D:9-12

Altars:
Ashenzari
Cheibriados
Elyvilon
Fedhas
Gozag
Hepliaklqana
Kikubaaqudgha
Nemelex Xobeh
Okawaru
Ru
Sif Muna
Trog
Uskayaw
Vehumet
Wu Jian
Xom
Yredelemnul
Zin
The Shining One

Shops:
D:7 !   D:8 :

Portals:
Abyss: D:7

Annotations:
D:6 exclusion: 9 doors
D:7 2 transporters, Joseph; pkoi's ghost, novice DrMo
D:8 Maurice
D:9 2 runed translucent doors, exclusion: two-headed ogre


Innate Abilities, Weirdness & Mutations

You are small and have problems with some larger weapons.
You are completely attuned to the shadows.


Message History

You barely miss the orc warrior.
The orc warrior is heavily wounded.
You barely miss the orc warrior.
The orc warrior is heavily wounded.
The orc warrior hits you with a +0 scimitar!
The orc priest miscasts a cantrip.
You are too injured to fight recklessly!
You are too injured to fight recklessly!
You are too injured to fight recklessly!
You are too injured to fight recklessly!
You are too injured to fight recklessly!
You closely miss the orc warrior. You punch the orc warrior.
The orc warrior is heavily wounded.
The orc priest mumbles some strange prayers to Beogh against you.
Beogh smites you!
You barely miss the orc warrior.
The orc warrior is heavily wounded.
The orc warrior closely misses you.
You hit the orc warrior.
The orc warrior is severely wounded.
You hit the orc warrior but do no damage.
You drain the orc warrior.
The orc warrior is severely wounded.
The orc warrior completely misses you.
You barely miss the orc warrior.
You punch the orc warrior, but do no damage.
The orc warrior is severely wounded.
The orc warrior barely misses you.
The orc priest mumbles some strange prayers to Beogh against you.
Beogh smites you!
* * * LOW HITPOINT WARNING * * *
The orc warrior hits you with a +0 scimitar.
* * * LOW HITPOINT WARNING * * *
The orc priest begins to cast a cantrip, but forgets the words!
Okay, then.
The orc priest calls upon Beogh to heal something.
There is a stone staircase leading up here.
The orc warrior hits you with a +0 scimitar.
You die...
Your body crumbles into a pile of gold.

##........
#o.[#.......
##...#.......<
##..............
................
....@..#......#
....o####.....#
)....# ##...##
####o## ###..#
.## ##.###....##
##...
#..).###..###....
#..### ##..#.....
###.## ##...<..#
#..o## ##...###..


You could see an orc warrior (drained) and 2 orc priests.

Vanquished Creatures
  A troll (D:9)
  Grinder (D:3)
  A wyvern (D:8)
  Grum (D:8)
  2 steam dragons
  3 water moccasins (D:6)
  2 ice beasts
  13 orc warriors
  A hornet zombie (D:9)
  2 necrophages
  5 ogres
  3 wolves
  3 centaurs
  A phantom (D:6)
  2 kobold brigands
  3 bullfrogs
  2 scorpions
  A water moccasin skeleton (D:6)
  A wyvern skeleton (D:6)
  6 killer bees
  8 wights
  5 howler monkeys
  A hound (D:4)
  6 orc priests
  A gnoll shaman (D:5)
  3 iguanas
  Terence (D:3)
  Ijyb (D:3)
  14 orc wizards
  A hound skeleton (D:5)
  A howler monkey zombie (D:10)
  3 gnolls (D:5)
  6 adders
  A shadow imp (D:8)
  A white imp (D:5)
  An ufetubus (D:4)
  2 adder skeletons (D:4)
  A worm (D:4)
  The ghost of cbfl8 the Sneak, a weakling MiDe (D:4)
  2 dart slugs
  41 orcs
  5 bats
  3 endoplasms
  2 giant cockroaches (D:2)
  9 hobgoblins
  2 jackals (D:5)
  30 kobolds
  3 quokkas
  5 ball pythons
  5 frilled lizards
  5 goblins
  A jackal skeleton (D:4)
  6 rats
231 creatures vanquished.

Vanquished Creatures (others)
  An orc wizard (D:7)
  4 plants
5 creatures vanquished.

Grand Total: 236 creatures vanquished

Notes
Turn   | Place    | Note
-------+----------+-------------------------------------------
     0 | D:1      | demenzo the Kobold Hunter began the quest for the Orb.
     0 | D:1      | Reached XP level 1. HP: 12/12 MP: 1/1
   477 | D:1      | Found a faded altar of an unknown god.
   481 | D:1      | Reached skill level 5 in Crossbows
   568 | D:1      | Reached XP level 2. HP: 11/18 MP: 2/2
  1803 | D:2      | Reached XP level 3. HP: 22/22 MP: 3/3
  2454 | D:3      | Noticed Grinder
  3011 | D:3      | Noticed Ijyb
  3045 | D:3      | Killed Ijyb
  3046 | D:3      | Reached XP level 4. HP: 5/27 MP: 4/4
  3891 | D:3      | Noticed Terence
  3926 | D:3      | Killed Terence
  3927 | D:3      | Reached XP level 5. HP: 6/32 MP: 5/5
  4391 | D:4      | Reached skill level 6 in Crossbows
  4436 | D:4      | Noticed an orc warrior
  4507 | D:4      | Noticed an ogre
  4510 | D:4      | Killed an ogre
  4511 | D:4      | Reached XP level 6. HP: 37/37 MP: 6/6
  4708 | D:4      | Noticed an ogre
  4713 | D:4      | Killed an ogre
  4739 | D:4      | Reached skill level 7 in Crossbows
  4739 | D:4      | Reached XP level 7. HP: 31/42 MP: 7/7
  5437 | D:3      | Paralysed by Grinder for 6 turns
  5448 | D:3      | Killed Grinder
  5449 | D:3      | Reached skill level 5 in Stealth
  6379 | D:4      | Found a runed translucent gate.
  6379 | D:4      | Found a runed translucent gate.
  6379 | D:4      | Found a runed translucent gate.
  6383 | D:4      | Noticed cbfl8's ghost (weakling MiDe)
  6687 | D:5      | Entered Level 5 of the Dungeon
  6699 | D:5      | Reached skill level 8 in Crossbows
  6699 | D:5      | Reached skill level 5 in Dodging
  6699 | D:5      | Reached XP level 8. HP: 13/48 MP: 8/8
  7462 | D:5      | Reached skill level 5 in Fighting
  8109 | D:5      | Found a blossoming altar of Fedhas.
  8581 | D:5      | Found a staircase to the Ecumenical Temple.
  8820 | D:4      | Killed cbfl8's ghost
  8950 | D:4      | Reached skill level 9 in Crossbows
  9341 | Temple   | Entered the Ecumenical Temple
  9571 | Temple   | Became a worshipper of Gozag Ym Sagoz the Greedy
  9859 | D:5      | Reached XP level 9. HP: 54/54 MP: 9/9
 10406 | D:5      | Found a staircase to the Ecumenical Temple.
 10662 | D:5      | Found a blossoming altar of Fedhas.
 11489 | D:6      | Reached skill level 10 in Crossbows
 11700 | D:6      | Found an iron altar of Okawaru.
 11717 | D:6      | Reached skill level 1 in Armour
 12642 | D:6      | Noticed a deep elf pyromancer
 12860 | D:7      | Found a transporter.
 12863 | D:7      | Identified the +5 scale mail of Riferab {rC- Str+8 Dex+5}
 12876 | D:7      | Noticed Joseph
 12909 | D:7      | Found a flagged portal.
 12915 | Bailey   | Entered a bailey
 13132 | Bailey   | Reached XP level 10. HP: 61/61 MP: 10/10
 13236 | Bailey   | Reached skill level 11 in Crossbows
 13255 | Bailey   | Identified the ring "Qolit" {Fly rPois Str+3 Dex+2}
 14371 | D:7      | Noticed pkoi's ghost (novice DrMo)
 14440 | D:7      | Found Qycroiq's Distillery.
 14445 | D:7      | Bought a potion of resistance for 120 gold pieces
 14445 | D:7      | Bought a potion of haste for 120 gold pieces
 14445 | D:7      | Bought a potion of invisibility for 96 gold pieces
 14445 | D:7      | Bought a potion of degeneration for 12 gold pieces
 14592 | D:7      | Found a one-way gate to the infinite horrors of the Abyss.
 14604 | D:7      | Found a transporter.
 14708 | D:6      | Reached skill level 12 in Crossbows
 15096 | D:8      | Noticed Maurice
 15172 | D:8      | Noticed Grum
 15190 | D:8      | Killed Grum
 16363 | D:8      | Found Qolizate's Book Boutique.
 16941 | D:9      | Reached XP level 11. HP: 46/68 MP: 11/11
 17063 | D:9      | Found a shimmering altar of Xom.
 17176 | D:9      | Found a large runed translucent door.
 17176 | D:9      | Found a large runed translucent door.
 17504 | D:9      | Noticed a two-headed ogre
 18503 | D:10     | Entered Level 10 of the Dungeon
 18681 | D:9      | Reached skill level 13 in Crossbows
 18995 | D:10     | HP: 2/68 [orc warrior/+0 scimitar (5)]
 19007 | D:10     | Slain by an orc warrior

Illustrated notes

Levels and vault maps discovered:
D:1:      ebering_trefoil_3fold, layout_basic, shapermc_ecumenical_altar_venn
D:2:      layout_loops_ring
D:3:      layout_loops_ring, serial_forest, infiniplex_forest_zigzag_2,
          infiniplex_forest_lined_room_2, infiniplex_forest_straight_2,
          infiniplex_forest_lined_room_2, infiniplex_forest_straight_2,
          infiniplex_forest_clump_double, infiniplex_forest_zigzag_1,
          kennysheep_nondescript, corexii_shack, roderic_roman_lattice,
          minmay_fractal_squares_gapless_5, uniq_terence, uniq_grinder,
          uniq_ijyb
D:4:      layout_cave_pools, gammafunk_ghost_nasty_kobolds
D:5:      layout_basic, fedhas_altar_fruit_tree, minmay_temple_entry_glass
D:6:      layout_loops_ring, lemuel_round_altar, guppyfry_early_elven_hall
D:7:      layout_basic, enter_bailey_2, gammafunk_ghost_abyssal_escape,
          nicolae_stop_n_shop_2, uniq_joseph
D:8:      layout_cave_pods, serial_shops, kennysheep_mini, uniq_maurice,
          uniq_grum
D:9:      layout_grid_maze, kennysheep_little_box, jmf_multi_god_temple2,
          serial_glass, glass_columns_a, glass_columns_a, glass_columns_b,
          glass_columns_c, glass_columns_b, glass_columns_c
D:10:     layout_layer_cave, lemuel_round_altar, erik_lair_orcish_takeover,
          erik_orc_2, minivault_25
Temple:   eino_temple_rhombus

Skill      XL: |  1  2  3  4  5  6  7  8  9 10 11 |
---------------+----------------------------------+-----
Crossbows      | 5 6 7 8 9 10 12 13 | 13.0
Stealth        | 2 3 4 5 6 7 |  7.0
Dodging        | 3 4 5 6 7 8 9 |  9.0
Fighting       | 3 4 5 6 7 8 |  8.2
Armour         | 2 3 4 |  4.2

Action                   |  1- 3 |  4- 6 |  7- 9 | 10-12 || total
-------------------------+-------+-------+-------+-------++-------
Melee: Short sword       |    98 |    20 |   215 |   614 ||   947
       Punch             |     1 |       |       |    12 ||    13
       Scimitar          |       |       |       |    11 ||    11
 Fire: Hand crossbow     |    24 |    58 |   194 |    16 ||   292
Evoke: Wand              |       |     2 |     5 |       ||     7
  Use: Scroll            |       |       |    15 |       ||    15
 Stab: Sleeping          |    18 |     1 |     3 |     6 ||    28
       Distracted        |       |       |     2 |     2 ||     4
Armor: Leather armour    |    18 |     4 |       |       ||    22
       Ring mail         |       |       |    75 |   140 ||   215
       Scale mail        |       |       |    19 |    88 ||   107
Dodge: Dodged            |    82 |    34 |   297 |   674 ||  1087
